 Dungeon Crawl Stone Soup version 0.31-a0-466-g98c9adc2b6 (webtiles) character file.

Game seed: 9355616396802495149

11 LeprechaunX the Ruffian (level 2, 0/18 HPs)
             Began as an Octopode Shapeshifter on Aug 6, 2023.
             Slain by Natasha (9 damage)
             ... on level 2 of the Dungeon.
             The game lasted 00:00:25 (255 turns).

LeprechaunX the Ruffian (Octopode Shapeshifter)      Turns: 255, Time: 00:00:25

Health: 0/18       AC:  1    Str: 14    XL:     2   Next: 25%
Magic:  2/2        EV: 13    Int: 10    God:
Gold:   105        SH:  0    Dex: 12    Spells: 1/1 levels left

rFire   . .          .
                       - Unarmed
rCold   . . .        (no shield)
rNeg    . . .        (helmet currently unavailable)
rPois   .            (no amulet)
rElec   .            (no ring)
rCorr   .            (no ring)
SInv    .            (no ring)
Will    .....        (no ring)
Stlth   ++           (no ring)
HPRegen 0.23/turn    (no ring)
MPRegen 0.08/turn    (no ring)
                     (no ring)

%: no passive effects
@: beast-form
A: beast (slay +2), almost no armour, amphibious, 8 rings, camouflage 1,
gelatinous body 1, (nimble swimmer 1), tentacles
a: Begin Untransformation


You were on level 2 of the Dungeon.
You were a hulking beast.
You visited 1 branch of the dungeon, and saw 2 of its levels.

You collected 105 gold pieces.

Inventory:

Talismans
 b - a beast talisman (active)
Scrolls
 c - a scroll of summoning {unknown}
Potions
 a - 2 potions of lignification
 d - 2 potions of degeneration {unknown}


   Skills:
 + Level 1.3 Fighting
 + Level 2.2 Dodging
 + Level 3.1 Unarmed Combat
 + Level 3.1 Shapeshifting


You had one spell level left.
You didn't know any spells.
Your spell library contained the following spells:

 Spells                   Type           Power      Damage    Failure   Level
 Vhi's Electric Charge    Tloc/Air       0%         N/A       75%         3
 Arcjolt                  Conj/Air       0%         1d10      100%        5
 Plasma Beam              Fire/Air       0%         2x1d10    100%        6


Dungeon Overview and Level Annotations

Branches:
Dungeon (2/15)

Altars:

Annotations:
D:2 Natasha


Innate Abilities, Weirdness & Mutations

You are a hulking beast.
Your limbs bulge with bestial killing power. (Slay +2)
You cannot wear most types of armour.
You are amphibious.
You can wear up to eight rings at the same time.
Your skin changes colour to match your surroundings (Stealth+).
Your rubbery body absorbs attacks. (AC +1, EV +1)
((You are camouflaged when in or above water. (Stealth+)))
You have tentacles for arms and can constrict up to eight enemies at once.


Message History

A kobold is nearby!
A kobold is nearby!
A kobold is nearby!
The kobold shouts!
The kobold barely misses you.
You tentacle-slap the kobold. Your grab misses the kobold.
The kobold is severely wounded.
The kobold barely misses you.
You miss the kobold. You grab the kobold. You squeeze the kobold.
You kill the kobold!
No target in view!
No target in view!
No target in view!
No target in view!
No target in view!
No target in view!
No target in view!
No target in view!
No target in view!
Natasha, Servant of Life and Death comes into view.
Natasha is nearby!
Natasha is nearby!
Natasha is nearby!
A goblin comes into view. It is wielding a +0 club.
The helpless Natasha fails to defend herself.
You tentacle-slap Natasha. You grab Natasha. You squeeze Natasha.
Natasha is heavily wounded.
You constrict Natasha, but do no damage.
Natasha howls an incantation.
You feel disoriented. Natasha claws you!
Ouch! That really hurt!
You tentacle-slap Natasha but do no damage.
Natasha is heavily wounded.
You constrict Natasha.
The goblin shouts!
A rat comes into view.
Natasha claws you!
Ouch! That really hurt!
You die...

............# ..
............#.....######
.....##.........g......#
......#................#
.....................r.#
.......>..............
.............#......
......#......#...h#
......#......#..h.###
......#......#......#
.............#......#
#####........###....#
..........).####....#
....................#
....................#
......######........#
......# #........#


You could see Natasha, a goblin and a rat (wandering).

Vanquished Creatures
  A ball python (D:1)
  An endoplasm (D:1)
  A hobgoblin (D:1)
  3 bats
  2 goblins (D:1)
  3 kobolds
11 creatures vanquished.

Notes
Turn   | Place    | Note
-------+----------+-------------------------------------------
     0 | D:1      | LeprechaunX the Octopode Shapeshifter began the quest for
                  | the Orb.
     0 | D:1      | Reached XP level 1. HP: 13/13 MP: 1/1
   124 | D:1      | Reached XP level 2. HP: 18/18 MP: 2/2
   166 | D:1      | You fall into a shaft and drop 1 floor!
   248 | D:2      | Noticed Natasha
   255 | D:2      | Slain by Natasha

Illustrated notes

Levels and vault maps discovered:
D:1:      minmay_arrival_up_and_down, layout_rooms, minmay_cupped
D:2:      layout_basic, shapermc_ecumenical_altar_flowoftime, uniq_natasha

Action                     || total
---------------------------++-------
  Melee: Unarmed           ||    20
         Tentacles         ||     5
         Constrict         ||     5
   Stab: Sleeping          ||     1
  Dodge: Dodged            ||    12

Table legend: (Time is in decaauts)
 A = Elapsed time spent in this place.
 B = Non-inter-level travel time spent in this place.
 C = Inter-level travel time spent in this place.
 D = Time resting spent in this place.
 E = Time spent auto-exploring this place.
 F = Levels seen in this place.
 G = Mean time per level.
                   A        B        C        D        E       F      G
               +--------+--------+--------+--------+--------+-----+--------+
         Total |    254 |    254 |      0 |      0 |    174 |   2 |  127.0 |
       Dungeon |    254 |    254 |      0 |      0 |    174 |   2 |  127.0 |
               +--------+--------+--------+--------+--------+-----+--------+

Top non-repeatable levels by time:
     D:1: 165 daAuts
     D:2: 88 daAuts
